 Dungeon Crawl Stone Soup version 0.22-a0-439-gac93bac (webtiles) character file.

169199 iamserjio the Severer (level 17, 0/94 HPs)
             Began as a Vine Stalker Berserker on May 29, 2018.
             Was the Champion of Trog.
             Slain by a nagaraja
             ... wielding a +0 whip
              (6 damage)
             ... on level 4 of the Snake Pit.
             The game lasted 01:27:52 (21017 turns).

iamserjio the Severer (Vine Stalker Berserker)     Turns: 21017, Time: 01:27:52

Health: 0/94       AC: 34    Str: 25    XL:     17   Next: 96%
Magic:  0/21       EV:  3    Int: 10    God:    Trog [******]
Gold:   1071       SH: 31    Dex: 16    Spells: 16/16 levels left

rFire    . . .     SeeInvis .   Z - +8 broad axe of Cruel Justice {vamp, rElec}
rCold    . . .     Gourm    .   D - +18 shield of the Gong {rElec rN+ MR+ EV-5}
rNeg     + . .     Faith    .   W - +1 plate armour {rPois}
rPois    +         Spirit   +   U - +2 helmet {Int+3}
rElec    +         Reflect  .   e - +2 cloak
rCorr    .         Harm     .   t - +2 pair of gloves
MR       +++..                  a - +2 pair of boots {run}
Stlth    ..........             y - amulet of the acrobat
HPRegen  1.05/turn              l - +3 ring of protection
MPRegen  0.17/turn              X - +2 ring of slaying

@: berserk cooldown, very slightly contaminated, slowed, constricted, invisible,
very slow
A: fangs 3, regeneration 2, magic shield, antimagic bite, no potion heal 3, rot
immunity
a: Berserk, Trog's Hand, Brothers in Arms, Renounce Religion


You were on level 4 of the Snake Pit.
You worshipped Trog.
Trog was exalted by your worship.
You were hungry.

You visited 4 branches of the dungeon, and saw 24 of its levels.
You visited 1 bazaar.
You also visited: Ice Cave.

You collected 2711 gold pieces.
You spent 1640 gold pieces at shops.

Inventory:

Hand Weapons
 i - the +2 war axe of the Morning {elec, *Contam rN+ Str+9 Dex-3, unknown}
   (Trog gifted it to you on level 4 of the Snake Pit)

   Occasionally, upon striking a foe, it will discharge some electrical energy
   and cause terrible harm.
   It affects your strength (+9).
   It affects your dexterity (-3).
   It protects you from negative energy.
   It causes magical contamination when unequipped.
 J - the +3 trident of Brutal Revenge {pierce, *Slow rF- rC+++ Str+4}
   (You found it on level 8 of the Dungeon)

   It inflicts extra damage upon your enemies.
   It affects your strength (+4).
   It makes you vulnerable to fire.
   It renders you almost immune to cold.
   It may slow you when you take damage.
 V - a +7 antimagic broad axe
 Z - the +8 broad axe of Cruel Justice (weapon) {vamp, rElec}
   (Trog gifted it to you on level 12 of the Dungeon)

   It inflicts no extra harm, but heals its wielder when it wounds a living foe.
   It insulates you from electricity.
Missiles
 o - 21 tomahawks (quivered)
 s - 2 throwing nets
Armour
 a - a +2 pair of boots of running (worn)
 e - a +2 cloak (worn)
 t - a +2 pair of gloves (worn)
 C - the +4 ring mail of the Tick {-Cast Str+6 Int+2}
   (You found it on level 6 of the Dungeon)

   It affects your strength (+6).
   It affects your intelligence (+2).
   It prevents spellcasting.
 D - the +18 shield of the Gong (worn) {rElec rN+ MR+ EV-5}
   (You acquired it on level 2 of the Snake Pit)

   It affects your evasion (-5).
   It insulates you from electricity.
   It protects you from negative energy.
   It affects your resistance to hostile enchantments.
 S - a +0 shield
 U - a +2 helmet of intelligence (worn)
 W - a +1 plate armour of poison resistance (worn)
Jewellery
 l - a +3 ring of protection (left hand)
 r - an uncursed amulet of the gourmand
 v - an uncursed ring of see invisible
 y - an amulet of the acrobat (around neck)
 B - an uncursed ring of protection from cold
 L - an uncursed ring of protection from magic
 X - a +2 ring of slaying (right hand)
Wands
 f - a wand of acid (12)
 u - a wand of iceblast (15)
 F - a wand of paralysis (9)
 P - a wand of enslavement (7)
 Q - a wand of clouds (5)
Scrolls
 h - 3 scrolls of fear
 m - 7 scrolls of remove curse
 p - 9 scrolls of teleportation
 E - 2 scrolls of blinking
 I - a scroll of vulnerability
 M - 4 scrolls of magic mapping
 O - 2 scrolls of fog
 T - a scroll of holy word
Potions
 b - 10 potions of curing
 d - a potion of berserk rage
 g - 3 potions of might
 j - 4 potions of flight
 k - 2 potions of cancellation
 w - 5 potions of agility
 x - 4 potions of invisibility
 A - 5 potions of haste
 G - 3 potions of mutation
 N - 2 potions of resistance {unknown}
 R - 2 potions of magic {unknown}
Miscellaneous
 Y - a fan of gales (inert)
Comestibles
 c - 29 rations


   Skills:
 + Level 12.5 Fighting
 * Level 16.8 Axes
 * Level 13.7 Armour
 - Level 7.0 Dodging
 + Level 10.8 Shields
 - Level 5.3 Evocations


You had 16 spell levels left.
You didn't know any spells.
Your spell library was empty.

Dungeon Overview and Level Annotations

Branches:
Dungeon (12/15)            Temple (0/1) D:4            Lair (6/6) D:8
 Shoals (0/4) Lair:4        Snake (4/4) Lair:3        Slime (0/5) Lair:5
    Orc (2/2) D:9             Elf (0/3) Orc:2

Altars:
Fedhas
Hepliaklqana
Qazlal
Ru
Sif Muna
Trog
Xom
Jiyva

Shops:
D:6 !   D:9 *   D:11 }   Orc:2 ?[:

Portals:
Pandemonium: Orc:2

Annotations:
Lair:5 exclusion: 4 oklob plants


Innate Abilities, Weirdness & Mutations

You have razor-sharp teeth.
You heal very quickly.
When hurt, damage is shared between your health and your magic reserves.
Your bite disrupts and absorbs the magic of your enemies.
Potions cannot restore your health.
You are immune to rotting.


Message History

You block the naga warrior's attack.
SHROANNG!
The naga warrior spits poison at you. The splash of poison hits you!
You resist.
Your system rejects the healing.
You feel better.
* * * LOW HITPOINT WARNING * * *
The nagaraja spits poison at you. The splash of poison hits you! You resist.
* * * LOW HITPOINT WARNING * * *
The nagaraja constricts you.
The naga sharpshooter spits poison at you.
The splash of poison hits you! You resist. You block the naga warrior's attack.
GONNNNG!
You block the naga's attack.
GONNNNG!
The naga ritualist gestures at you while chanting.
You block the lance of force.
PANG!
The nagaraja hits you with a whip!
You die...

,,****,,,,,,,,,,,,,,,**,,,* ***,,
,***,,,,..............*,,,* *,,_,
,*,,,,,,.............##*,,***,,,,
**,,,,................##,,,**,,,,
**,,,,...#.............#*,,**,,,,
**,,,,.................#*,,**,,,,
**,,,,.........N.......#*,,**,,,,
*,,,,,........NN)N......*,,**,,*,
,,,,,,.......#N)@NN.....,,,**,,,,
,,,,,,#....#...).N..#...,,,**,,*,
,,,,,,,,#.......N.#.....,,,**,,*,
,,,,*,,##....⌠...###....,,***,,*,
,,,,,,##..#........##..(,,* *,,,*
,,,,,,#.............#*..,,* *,,,,
,,,,,,#....#.....#..#,,.,** *,,,,
,,,,,,#.............#,,,,* *****
**,,,,#.........[[..#,,*** *,,,,


You could see 3 naga warriors, a nagaraja, 2 naga sharpshooters, a naga
ritualist and 2 nagas.

Vanquished Creatures
  Kirke (Lair:3)
  4 nagarajas
  A frost giant (IceCv)
  The ghost of iamserjio the Severer, an adept VSFi of Trog (Snake:4)
  Snorg (Lair:6)
  Harold (Lair:4)
  8 hydras
  20 naga warriors
  An ice dragon (Orc:2)
  7 anacondas
  4 two-headed ogres
  A catoblepas (Lair:4)
  A death knight (D:12)
  4 death yaks
  8 orc high priests (Orc:2)
  18 naga sharpshooters
  10 shock serpents
  Sonja (Lair:2)
  2 sun demons (Orc:2)
  2 salamander mystics
  A sea snake (Snake:3)
  2 skeletal warriors (D:12)
  A gelid demonspawn (Orc:2)
  A torturous demonspawn (Orc:2)
  7 naga ritualists
  2 lindwurms (Lair:6)
  5 orc knights
  Pikel (D:8)
  8 mana vipers
  9 salamanders
  5 orc sorcerers
  2 ugly things (D:11)
  7 guardian serpents
  3 elephants
  33 naga magi
  13 spiny frogs
  43 black mambas
  An ice statue (IceCv)
  2 orange demons (Orc:2)
  3 molten gargoyles (Lair:6)
  3 rime drakes
  A kobold demonologist (D:11)
  9 komodo dragons
  2 ice devils (Orc:2)
  6 trolls
  19 polar bears
  28 blink frogs
  10 hippogriffs
  A snapping turtle (Lair:4)
  A spriggan (D:7)
  A wraith (D:12)
  53 yaks
  3 wyverns
  7 hogs (Lair:3)
  3 basilisks
  2 steam dragons (Lair:6)
  A hungry ghost (D:8)
  2 wargs (Orc:1)
  3 vampire mosquitoes (D:12)
  Menkaure (D:5)
  70 nagas
  7 hell hounds
  11 water moccasins
  5 porcupines
  A black bear (Lair:2)
  A necrophage (D:9)
  26 orc warriors
  2 ice beasts (D:11)
  6 sky beasts
  A slave (D:8)
  An eye of draining (D:12)
  12 ogres
  A phantom (D:8)
  A centaur (D:11)
  29 wolves
  6 crocodiles
  21 big kobolds (D:11)
  15 bullfrogs
  A water moccasin zombie (D:10)
  2 wyvern skeletons
  7 scorpions
  11 wights
  5 lava snakes (Lair:6)
  3 electric eels
  2 centaur zombies
  A howler monkey (D:10)
  8 crimson imps
  4 bullfrog zombies
  A quasit (D:12)
  5 hounds
  3 jellies
  3 bullfrog skeletons
  25 orc priests
  An iguana (D:12)
  A centaur skeleton (D:6)
  Ijyb (D:5)
  15 orc wizards
  5 worker ants
  A killer bee zombie (D:3)
  A hound zombie (D:9)
  2 worker ant zombies
  7 gnolls
  A howler monkey skeleton (D:7)
  11 adders
  5 shadow imps
  An ooze (D:3)
  An adder zombie (D:8)
  A dart slug (D:2)
  3 worms
  5 leopard geckos
  80 orcs
  7 giant cockroaches
  7 goblins
  8 hobgoblins
  3 jackals (D:10)
  18 kobolds
  3 quokkas
  A ball python skeleton (D:5)
  10 bats
  6 frilled lizards
  A jackal zombie (D:9)
  7 rats
  2 fungi
  4 plants
917 creatures vanquished.

Vanquished Creatures (collateral kills)
  Roxanne (Snake:2)
  A fire dragon (Lair:6)
  A naga warrior (Snake:1)
  A black mamba (Snake:1)
  2 naga magi (Snake:1)
  A naga (Snake:1)
  A water moccasin (Lair:6)
8 creatures vanquished.

Vanquished Creatures (others)
  A naga mage (Snake:4)
  A yak (IceCv)
  2 slaves (D:8)
  An ice beast (D:8)
  An ogre (D:8)
  3 fungi
  4 plants (Lair:5)
13 creatures vanquished.

Grand Total: 938 creatures vanquished

Notes
Turn   | Place    | Note
-------+----------+-------------------------------------------
     0 | D:1      | iamserjio the Vine Stalker Berserker began the quest for the Orb.
     0 | D:1      | Reached XP level 1. HP: 11/11 MP: 2/2
   232 | D:1      | Reached XP level 2. HP: 13/16 MP: 1/3
   316 | D:1      | Reached skill level 3 in Axes
   568 | D:1      | Reached XP level 3. HP: 19/19 MP: 4/4
   632 | D:2      | Noticed a sky beast
   643 | D:2      | Killed a sky beast
   643 | D:2      | Gained mutation: Your natural rate of healing is unusually fast. [Vine Stalker growth]
   643 | D:2      | Reached XP level 4. HP: 24/24 MP: 5/5
   643 | D:2      | Reached XP level 5. HP: 28/28 MP: 6/6
   695 | D:2      | Reached ** piety under Trog
  1327 | D:3      | Reached skill level 4 in Axes
  1432 | D:3      | Found a sacrificial altar of Ru.
  1502 | D:3      | Reached XP level 6. HP: 24/32 MP: 4/7
  1894 | D:4      | Reached *** piety under Trog
  2160 | D:4      | Found a staircase to the Ecumenical Temple.
  2302 | D:4      | Reached XP level 7. HP: 37/37 MP: 8/8
  2346 | D:4      | Found a blossoming altar of Fedhas.
  2605 | D:5      | Entered Level 5 of the Dungeon
  2624 | D:5      | Noticed Ijyb
  2637 | D:5      | Reached skill level 5 in Axes
  2643 | D:5      | Killed Ijyb
  2725 | D:5      | Noticed Menkaure
  2737 | D:5      | Killed Menkaure
  3109 | D:5      | Gained mutation: You have razor-sharp teeth. [Vine Stalker growth]
  3109 | D:5      | Reached XP level 8. HP: 42/42 MP: 9/9
  3265 | D:6      | Reached skill level 6 in Axes
  3279 | D:6      | Reached **** piety under Trog
  3357 | D:6      | Found Yjutey's Distillery.
  3361 | D:6      | Bought a potion of flight for 42 gold pieces
  3361 | D:6      | Bought a potion of degeneration for 14 gold pieces
  3361 | D:6      | Bought a potion of curing for 42 gold pieces
  3361 | D:6      | Bought a potion of haste for 140 gold pieces
  3361 | D:6      | Bought a potion of curing for 42 gold pieces
  3807 | D:6      | Reached skill level 5 in Fighting
  3813 | D:6      | Got a bronze ring mail
  4038 | D:6      | Identified the +4 ring mail of the Tick {-Cast Str+6 Int+2} (You found it on level 6 of the Dungeon)
  4137 | D:7      | Reached skill level 7 in Axes
  4193 | D:7      | Reached XP level 9. HP: 41/47 MP: 8/10
  4747 | D:6      | Bought a potion of mutation for 112 gold pieces
  4833 | D:8      | Noticed a two-headed ogre
  4842 | D:8      | Killed a two-headed ogre
  4842 | D:8      | Reached skill level 8 in Axes
  4842 | D:8      | Reached skill level 5 in Armour
  4842 | D:8      | Reached skill level 5 in Dodging
  5107 | D:8      | Noticed a two-headed ogre
  5117 | D:8      | Killed a two-headed ogre
  5117 | D:8      | Reached XP level 10. HP: 53/53 MP: 11/11
  5205 | D:8      | Got an iridescent trident
  5235 | D:8      | Found a staircase to the Lair.
  5298 | D:8      | Noticed Pikel
  5305 | D:8      | Reached skill level 9 in Axes
  5307 | D:8      | Killed Pikel
  5348 | D:8      | Reached ***** piety under Trog
  6034 | D:8      | Identified the +3 trident of Brutal Revenge {pierce, *Slow rF- rC+++ Str+4} (You found it on level 8 of the Dungeon)
  6040 | Lair:1   | Entered Level 1 of the Lair of Beasts
  6164 | Lair:1   | Reached skill level 1 in Shields
  6427 | Lair:1   | Noticed a spiny frog
  6431 | Lair:1   | Killed a spiny frog
  6431 | Lair:1   | Reached XP level 11. HP: 58/58 MP: 12/12
  7113 | Lair:2   | Noticed Sonja
  7138 | Lair:1   | Reached skill level 10 in Axes
  7286 | Lair:2   | Killed Sonja
  8162 | Lair:3   | Noticed a four-headed hydra
  8171 | Lair:3   | Killed a four-headed hydra
  8392 | Lair:3   | Gained mutation: You heal very quickly. [Vine Stalker growth]
  8392 | Lair:3   | Reached XP level 12. HP: 59/64 MP: 13/13
  8494 | Lair:3   | Reached skill level 11 in Axes
  8505 | Lair:3   | Found a staircase to the Snake Pit.
  8890 | Lair:3   | Got an ichor-stained long sword
  8891 | Lair:3   | Identified the +12 long sword "Sasyraz" {pain, rPois Int+2} (You found it on level 3 of the Lair of Beasts)
  9146 | Lair:4   | Received a gift from Trog
  9198 | Lair:4   | Noticed a seven-headed hydra
  9204 | Lair:4   | Noticed a six-headed hydra
  9205 | Lair:4   | Killed a seven-headed hydra
  9205 | Lair:4   | Reached skill level 5 in Shields
  9210 | Lair:4   | Killed a six-headed hydra
  9251 | Lair:4   | Reached skill level 1 in Evocations
  9345 | Lair:4   | Noticed a catoblepas
  9358 | Lair:4   | Killed a catoblepas
  9532 | Lair:4   | Noticed Harold
  9539 | Lair:4   | Killed Harold
  9647 | Lair:4   | Found a staircase to the Shoals.
  9800 | Lair:5   | Reached XP level 13. HP: 70/70 MP: 5/15
  9803 | Lair:5   | Reached skill level 12 in Axes
  9949 | Lair:5   | Found a viscous altar of Jiyva.
  9949 | Lair:5   | Found a staircase to the Slime Pits.
 10569 | Lair:6   | Entered Level 6 of the Lair of Beasts
 10569 | Lair:6   | Noticed Snorg
 10577 | Lair:6   | Reached skill level 10 in Armour
 10578 | Lair:6   | Killed Snorg
 10694 | Lair:6   | Received a gift from Trog
 11025 | Lair:6   | Reached XP level 14. HP: 27/75 MP: 8/18
 11203 | Lair:6   | Reached skill level 13 in Axes
 11408 | Lair:6   | Found the +10 zealot's sword {holy, *Rage rN+ EV+3}
 11419 | Lair:6   | Found a large runed door.
 11419 | Lair:6   | Found a large runed door.
 11780 | Snake:1  | Entered Level 1 of the Snake Pit
 11780 | Snake:1  | Noticed Kirke
 11867 | Lair:3   | Killed Kirke
 12185 | Snake:1  | Reached skill level 10 in Fighting
 12272 | Snake:1  | Reached skill level 5 in Evocations
 12310 | Snake:1  | Got a polished ring mail
 12593 | Snake:1  | Found a shimmering altar of Xom.
 12737 | Snake:1  | Identified the +1 ring mail of Catatonia {Slay+3} (You found it on level 1 of the Snake Pit)
 13241 | D:9      | Found Kiuth's General Store.
 13247 | D:9      | Bought a scroll of blinking for 112 gold pieces
 13247 | D:9      | Bought a scroll of identify for 30 gold pieces
 13349 | D:9      | Received a gift from Trog
 13350 | D:9      | Got a bloodstained lajatang {god gift}
 13389 | D:9      | Identified the +3 lajatang "Taapemei" {slice, rPois MP-9 Dex+8} (Trog gifted it to you on level 9 of the Dungeon)
 13575 | D:9      | Found a staircase to the Orcish Mines.
 13794 | D:9      | Found a bloodstained altar of Trog.
 13794 | D:9      | Found a hazy altar of Hepliaklqana.
 13794 | D:9      | Found a stormy altar of Qazlal.
 13846 | D:10     | Entered Level 10 of the Dungeon
 14651 | D:11     | Reached XP level 15. HP: 80/80 MP: 6/19
 15211 | D:11     | Found Roeb's Gadget Shop.
 15356 | D:12     | Received a gift from Trog
 15357 | D:12     | Got a pitted broad axe {god gift}
 15360 | D:12     | Identified the +8 broad axe of Cruel Justice {vamp, rElec} (Trog gifted it to you on level 12 of the Dungeon)
 15491 | D:12     | Reached skill level 14 in Axes
 15532 | D:12     | Found a flickering gateway to a bazaar.
 15548 | Bazaar   | Entered a bazaar
 15598 | Bazaar   | Found Riozil's Food Boutique.
 15611 | Bazaar   | Found Toxahe's Magic Scroll Emporium.
 15631 | Bazaar   | Found Xoej's Book Emporium.
 15642 | Bazaar   | Found Kameraup's Assorted Antiques.
 15650 | Bazaar   | Bought an amethyst potion for 21 gold pieces
 15650 | Bazaar   | Bought a twisted garnet amulet for 120 gold pieces
 15675 | Bazaar   | Bought a scroll of blinking for 75 gold pieces
 15675 | Bazaar   | Bought a scroll of random uselessness for 10 gold pieces
 15679 | Bazaar   | Bought a scroll of identify for 20 gold pieces
 15679 | Bazaar   | Bought a scroll of identify for 20 gold pieces
 15703 | Bazaar   | Bought a potion of curing for 72 gold pieces
 15742 | Bazaar   | Bought a ration for 55 gold pieces
 15742 | Bazaar   | Bought a ration for 55 gold pieces
 16379 | Orc:1    | Entered Level 1 of the Orcish Mines
 16723 | Orc:2    | Entered Level 2 of the Orcish Mines
 16785 | Orc:2    | Found a deep blue altar of Sif Muna.
 16859 | Orc:2    | Found a staircase to the Elven Halls.
 16938 | Orc:2    | Found Ybovic's Magic Scroll Shoppe.
 16943 | Orc:2    | Received a gift from Trog
 16973 | Orc:2    | Found Doijuotu's Distillery.
 17110 | Orc:2    | Found a frozen archway.
 17141 | IceCv    | Entered an ice cave
 17506 | IceCv    | Reached ****** piety under Trog
 17531 | IceCv    | Received a gift from Trog
 17661 | IceCv    | Noticed a frost giant
 17682 | IceCv    | Killed a frost giant
 18032 | Orc:2    | Bought a potion of invisibility for 128 gold pieces
 18032 | Orc:2    | Bought 2 potions of curing for 96 gold pieces
 18032 | Orc:2    | Bought a potion of agility for 64 gold pieces
 18032 | Orc:2    | Bought a potion of might for 64 gold pieces
 18032 | Orc:2    | Bought a potion of brilliance for 64 gold pieces
 18035 | Orc:2    | Bought a scroll of identify for 22 gold pieces
 18035 | Orc:2    | Bought 2 scrolls of identify for 44 gold pieces
 18035 | Orc:2    | Identified 2 scrolls of acquirement
 18410 | Orc:2    | Reached XP level 16. HP: 87/87 MP: 20/20
 18423 | Orc:2    | Reached skill level 15 in Axes
 18424 | Orc:2    | Found Guergheol's Antique Armour Boutique.
 18424 | Orc:2    | Found Nipicise's Book Shop.
 18426 | Orc:2    | Found a one-way gate leading to the halls of Pandemonium.
 18498 | Orc:2    | Bought a potion of curing for 48 gold pieces
 18498 | Orc:2    | Bought a potion of agility for 64 gold pieces
 18498 | Orc:2    | Bought a potion of might for 64 gold pieces
 18550 | Orc:1    | Received a gift from Trog
 18554 | Orc:1    | Got a warped broad axe {god gift}
 18555 | Orc:1    | Identified the +1 broad axe "Ceabrag" {speed, *Drain rC+ MR+ SInv} (Trog gifted it to you on level 1 of the Orcish Mines)
 19332 | Snake:2  | Received a gift from Trog
 19337 | Snake:2  | Found the +18 shield of the Gong {rElec rN+ MR+ EV-5}
 19348 | Snake:2  | Identified a +2 pair of boots of running (You acquired it on level 2 of the Snake Pit)
 19450 | Snake:2  | Noticed Roxanne
 19470 | Snake:2  | Killed Roxanne
 19737 | Snake:3  | Reached skill level 10 in Shields
 19782 | Snake:3  | Reached XP level 17. HP: 93/93 MP: 21/21
 19838 | Snake:3  | Reached skill level 16 in Axes
 20355 | Snake:4  | Entered Level 4 of the Snake Pit
 20382 | Snake:4  | Noticed iamserjio's ghost (adept VSFi)
 20449 | Snake:3  | Received a gift from Trog
 20569 | Snake:4  | Killed iamserjio's ghost
 20953 | Snake:4  | Received a gift from Trog
 20979 | Snake:4  | Got a slimy war axe {god gift}
 21017 | Snake:4  | Slain by a nagaraja

Vault maps used:
D:1:      mrwooster_arrival_statue
D:2:      first_ration
D:3:      nicolae_ru_sacrificial_ziggurat
D:4:      fedhas_altar_1, minmay_temple_entry_fiery
D:5:      uniq_ijyb, uniq_menkaure
D:6:      serial_shops, nicolae_shop_trees
D:7:      the_bakery
D:8:      minmay_lair_entry_lava, uniq_pikel
D:9:      minitemple, orc_0_dummy, serial_shops, shop
D:11:     serial_shops, kennysheep_mini
D:12:     serial_shops, bzr_entry_safe
Lair:2:   uniq_sonja
Lair:3:   guppyfry_snake_entry_island, grunt_megastairs_2
Lair:4:   minmay_shoals_entry_hut, uniq_harold
Lair:5:   dpeg_slime_entry_enclosed_altar, small_statue_intersection,
          lemuel_fruit_tree, serial_bayou_shore_b, grunt_megastairs_1,
          minmay_lair_oklob_chamber
Lair:6:   cheibrodos_lair_end_hotspot, serial_bayou_pond_c, st_stairs_10,
          uniq_snorg
Snake:1:  basic_altar, uniq_kirke
Snake:2:  uniq_roxanne
Snake:3:  spider_trap, serial_bayou_shore_a
Snake:4:  snake_pit, serial_shops, shop, lemuel_oklob_altar
Orc:2:    pf_orc_diabolical, portal_ice_cave_entry_animals_and_master,
          led_sif_book
Bazaar:   bazaar_kenran_forest_clearing
IceCv:    ice_cave_caverns_02

Skill      XL: |  1  2  3  4  5  6  7  8  9 10 11 12 13 14 15 16 17 |
---------------+----------------------------------------------------+-----
Axes           | 3 4 5 7 8 9 10 11 12 13 14 15 16 | 16.8
Fighting       | 3 4 5 6 7 8 9 10 11 12 | 12.5
Armour         | 2 3 4 5 6 8 9 10 11 12 13 | 13.7
Dodging        | 2 3 4 5 6 7 |  7.0
Shields        | 2 4 5 6 7 8 10 | 10.8
Evocations     | 1 4 5 |  5.3

Action                   |  1- 3 |  4- 6 |  7- 9 | 10-12 | 13-15 | 16-18 || total
-------------------------+-------+-------+-------+-------+-------+-------++-------
Melee: Hand axe          |    51 |   179 |   234 |    14 |       |       ||   478
       Bite              |    13 |    51 |    83 |   191 |   469 |   253 ||  1060
       War axe           |       |       |       |   364 |       |       ||   364
       Trident           |       |       |       |    13 |    22 |       ||    35
       Broad axe         |       |       |       |    39 |  1090 |   615 ||  1744
Throw: Javelin           |       |       |       |       |     9 |       ||     9
       Tomahawk          |       |       |       |       |     1 |       ||     1
Invok: Berserk           |     2 |     2 |    10 |    15 |    16 |     8 ||    53
       Trog's Hand       |       |       |       |     2 |     8 |     2 ||    12
       Brothers in Arms  |       |       |       |       |     2 |     1 ||     3
Evoke: Wand              |       |       |     2 |       |     5 |       ||     7
       Fan of gales      |       |       |       |       |       |     2 ||     2
  Use: Scroll            |       |     7 |     2 |     9 |    12 |    14 ||    44
       Potion            |       |       |       |       |       |     5 ||     5
 Stab: Petrified         |       |       |       |     2 |       |       ||     2
       Petrifying        |       |       |       |     1 |       |       ||     1
       Distracted        |       |       |       |       |     1 |       ||     1
       Invisible         |       |       |       |       |       |     9 ||     9
  Eat: Chunk             |       |     8 |    14 |    27 |    64 |     9 ||   122
       Ration            |       |       |     1 |     2 |     7 |     1 ||    11
Armor: Animal skin       |     7 |       |       |       |       |       ||     7
       Ring mail         |    10 |    53 |    44 |   222 |   347 |     7 ||   683
       Scale mail        |       |    32 |    68 |       |       |       ||   100
       Plate armour      |       |       |       |       |       |   497 ||   497
Dodge: Dodged            |    28 |   124 |   131 |   348 |   671 |   230 ||  1532
Block: Buckler           |       |       |       |   106 |   120 |       ||   226
       Shield            |       |       |       |       |   497 |  1076 ||  1573

Table legend:
 A = Spawn XP
 B = Non-spawn XP
 C = Spawn XP percentage of total XP
 D = Spawn monster count
 E = Non-spawn monster count
 F = Spawn count percentage of total count
 G = Total turns spent on level
                    A         B        C        D         E        F      G
               +---------+---------+-------+---------+---------+-------+---------
         Total |       0 |  241714 |   0.0 |       0 |     919 |   0.0 | 21017
               +---------+---------+-------+---------+---------+-------+---------
           D:1 |       0 |      38 |   0.0 |       0 |      22 |   0.0 |   622
           D:2 |       0 |     177 |   0.0 |       0 |      13 |   0.0 |   692
           D:3 |       0 |     167 |   0.0 |       0 |      31 |   0.0 |   566
           D:4 |       0 |     278 |   0.0 |       0 |      15 |   0.0 |   725
           D:5 |       0 |     697 |   0.0 |       0 |      19 |   0.0 |   607
           D:6 |       0 |     752 |   0.0 |       0 |      16 |   0.0 |   932
           D:7 |       0 |     810 |   0.0 |       0 |      19 |   0.0 |   672
           D:8 |       0 |    3961 |   0.0 |       0 |      31 |   0.0 |  1268
           D:9 |       0 |    2693 |   0.0 |       0 |      25 |   0.0 |   727
          D:10 |       0 |     911 |   0.0 |       0 |      23 |   0.0 |   626
          D:11 |       0 |    6748 |   0.0 |       0 |      64 |   0.0 |   830
          D:12 |       0 |    6249 |   0.0 |       0 |      30 |   0.0 |   835
        Lair:1 |       0 |    4539 |   0.0 |       0 |      24 |   0.0 |  1272
        Lair:2 |       0 |    3800 |   0.0 |       0 |      10 |   0.0 |   722
        Lair:3 |       0 |   11450 |   0.0 |       0 |      33 |   0.0 |  1187
        Lair:4 |       0 |   10102 |   0.0 |       0 |      29 |   0.0 |   817
        Lair:5 |       0 |    9873 |   0.0 |       0 |      29 |   0.0 |  1013
        Lair:6 |       0 |   19553 |   0.0 |       0 |      70 |   0.0 |   995
       Snake:1 |       0 |   15087 |   0.0 |       0 |      28 |   0.0 |  1317
       Snake:2 |       0 |   29982 |   0.0 |       0 |      57 |   0.0 |   655
       Snake:3 |       0 |   33617 |   0.0 |       0 |      74 |   0.0 |  1107
       Snake:4 |       0 |   42090 |   0.0 |       0 |      78 |   0.0 |   302
         Orc:1 |       0 |    3098 |   0.0 |       0 |      41 |   0.0 |   478
         Orc:2 |       0 |   22534 |   0.0 |       0 |      88 |   0.0 |  1215
         IceCv |       0 |   12508 |   0.0 |       0 |      50 |   0.0 |   626
               +---------+---------+-------+---------+---------+-------+---------
